 Dungeon Crawl Stone Soup version 0.27-a0-1502-g47ed6a6988 (webtiles) character file.

Game seed: 7151347169598966966

167 Armakuni the Grave Robber (level 5, -1/34 (37) HPs)
             Began as a Human Necromancer on July 3, 2021.
             Killed by miscasting Vampiric Draining (6 damage)
             ... on level 2 of the Dungeon on July 9, 2021.
             The game lasted 00:08:37 (2315 turns).

Armakuni the Grave Robber (Human Necromancer)       Turns: 2315, Time: 00:08:38

HP:   -1/34 (37)    AC:  2    Str:  8    XL:     5   Next: 76%
MP:   0/8           EV: 12    Int: 17    God:
Gold: 97            SH:  0    Dex: 13    Spells: 3/8 levels left

rFire    . . .     SeeInvis .   a - +4 dagger
rCold    . . .     Faith    .   (no shield)
rNeg     . . .     Spirit   .   e - +0 robe
rPois    .         Reflect  .   (no helmet)
rElec    .         Harm     .   (no cloak)
rCorr    .         Rampage  .   (no gloves)
Will     .....                  (no boots)
Stlth    ++........             (no amulet)
HPRegen  0.11/turn              (no ring)
MPRegen  0.11/turn              (no ring)

@: very slightly contaminated, drained
A: no striking features
a: no special abilities


You were on level 2 of the Dungeon.
You visited 1 branch of the dungeon, and saw 2 of its levels.

You collected 97 gold pieces.

Inventory:

Hand Weapons
 a - a +4 dagger (weapon)
Armour
 e - a +0 robe (worn)
Wands
 h - a wand of iceblast (5)
Scrolls
 f - a scroll of teleportation
Potions
 c - 3 potions of degeneration {unknown}
 d - a potion of heal wounds {unknown}
 g - a potion of brilliance {unknown}


   Skills:
 - Level 1.0 Fighting
 - Level 1.5 Short Blades
 - Level 2.0 Dodging
 - Level 2.0 Stealth
 - Level 2.4 Spellcasting
 - Level 4.0 Necromancy
 + Level 2.7 Transmutations
 + Level 2.7 Poison Magic


You had 3 spell levels left.
You knew the following spells:

 Your Spells              Type           Power      Damage    Failure   Level
a - Animate Skeleton      Necr           30%        N/A       3%          1
v - Vampiric Draining     Necr           7%         2d7       11%         3
z - Sting                 Tmut/Pois      44%        1d5       6%          1

Your spell library contained the following spells:

 Spells                   Type           Power      Damage    Failure   Level
 Pain                     Necr           60%        1d7       3%          1
 Poisonous Vapours        Pois/Air       12%        N/A       16%         2
 Slow                     Hex            2%         N/A       28%         2
 Confusing Touch          Hex            2%         N/A       50%         3
 Ozocubu's Armour         Ice            2%         N/A       50%         3
 Animate Dead             Necr           7%         N/A       34%         4
 Olgreb's Toxic Radiance  Pois           11%        N/A       52%         4
 Agony                    Necr           15%        N/A       69%         5
 Yara's Violent Unravell  Hex/Tmut       3%         3d4       96%         5
 Ozocubu's Refrigeration  Ice            1%         4d5       100%        7


Dungeon Overview and Level Annotations

Branches:
Dungeon (2/15)

Altars:

Annotations:
D:2 Robin


Message History

You kill the goblin!
The goblin barely misses you. The goblin hits you with a +0 dagger.
You see here a +0 dagger.
Robin throws the goblin at you! The goblin hits you with a +0 dagger.
Aiming: Sting (safe; 6% risk of failure)
Press: ? - help, Q - select action, (/) - cycle Shift-Dir - straight line, f/p - Robin
Aim: Robin, wielding a +0 dagger, wearing a +0 animal skin and wearing a +0 helmet (heavily wounded, poisoned, 79% to hit)
The sting hits Robin.
Robin looks even sicker.
Robin is severely wounded.
The goblin hits you with a +0 dagger.
Aiming: Sting (safe; 6% risk of failure)
Press: ? - help, Q - select action, (/) - cycle Shift-Dir - straight line, f/p - Robin
Aim: Robin, wielding a +0 dagger, wearing a +0 animal skin and wearing a +0 helmet (severely wounded, very poisoned, 79% to hit)
The sting hits Robin.
Robin looks even sicker.
Robin is severely wounded.
The goblin hits you with a +0 dagger. Robin hits you with a +0 dagger.
You barely miss Robin.
Robin is severely wounded.
The goblin hits you with a +0 dagger. Robin barely misses you.
You hit Robin.
Robin is almost dead.
The goblin hits you with a +0 dagger.
You hit Robin but do no damage.
Robin is almost dead.
The goblin no longer looks unusually strong.
Robin hits you with a +0 dagger.
* * * LOW HITPOINT WARNING * * *
The goblin barely misses you.
Okay, then.
Casting: Sting (safe; 6% risk of failure)
Confirm with . or Enter, or press ? or * to list all spells.
The spell is quite dangerous to cast (11% risk of failure)!
Continue anyway?
Aiming: Vampiric Draining (quite dangerous; 11% risk of failure)
Press: ? - help, Shift-Dir - straight line, f/p - Robin
Aim: Robin, wielding a +0 dagger, wearing a +0 animal skin and wearing a +0 helmet (almost dead, very poisoned)
You miscast Vampiric Draining.
You are very lightly contaminated with residual magic.
You feel horribly lethargic.
You feel drained.
You die...

...# #.PP♣♣ ...#......
#....♣ )#)#.....#
######..P♣♣ ..g#...♣.♣
#....#.#P♣♣ ..†#.....#
#.#.##....♣
.#.#...♣.♣.#...####..♣
...#.....#..........#P..#
.gg#...♣.♣###.#########.#
.......g.##...)g@g[.....#
.....##♣.♣..<.##########
.....##......)......#
.....##.............#
.†...##.............#
.....##......†......#
#######.............#
#.............#
#.............#


You could see Robin (very poisoned) and a goblin.

Vanquished Creatures
  A jelly (D:2)
  Jessica (D:1)
  Natasha (twice) (D:2)
  An adder (D:2)
  6 bats
  5 endoplasms
  11 goblins
  6 hobgoblins
  3 jackals (D:2)
  3 kobolds (D:1)
  4 quokkas (D:1)
  2 ball pythons
  A frilled lizard (D:1)
  2 rats (D:1)
48 creatures vanquished.

Vanquished Creatures (others)
  A plant (D:2)
1 creature vanquished.

Grand Total: 49 creatures vanquished

Notes
Turn   | Place    | Note
-------+----------+-------------------------------------------
     0 | D:1      | Armakuni the Human Necromancer began the quest for the Orb.
     0 | D:1      | Reached XP level 1. HP: 13/13 MP: 3/3
     2 | D:1      | Learned a level 1 spell: Animate Skeleton
     6 | D:1      | Upgraded the game from 0.27-a0-1434-g6f15984924 to
                  | 0.27-a0-1502-g47ed6a6988
   155 | D:1      | Reached XP level 2. HP: 10/20 MP: 0/5
   163 | D:1      | Reached skill level 1 in Fighting
   305 | D:1      | Learned a level 1 spell: Sting
   938 | D:1      | Reached XP level 3. HP: 25/26 MP: 4/6
  1058 | D:1      | Reached skill level 1 in Short Blades
  1114 | D:1      | Learned a level 3 spell: Vampiric Draining
  1327 | D:2      | Noticed Jessica
  1332 | D:1      | Killed Jessica
  1333 | D:1      | Reached skill level 1 in Transmutations
  1333 | D:1      | Reached skill level 1 in Poison Magic
  1333 | D:1      | Reached XP level 4. HP: 29/32 MP: 3/7
  1651 | D:2      | Found a faded altar of an unknown god.
  1731 | D:2      | Noticed Natasha
  1734 | D:2      | Killed Natasha
  1735 | D:2      | Reached XP level 5. HP: 36/37 MP: 5/8
  2095 | D:2      | Noticed Natasha
  2098 | D:2      | Killed Natasha
  2193 | D:2      | Noticed Robin
  2315 | D:2      | Killed by miscasting Vampiric Draining

Illustrated notes

Levels and vault maps discovered:
D:1:      nicolae_arrival_washed_ashore, layout_rooms
D:2:      layout_basic, ebering_ecumenical_altar_abandoned, serial_forest,
          infiniplex_forest_clump_cross, infiniplex_forest_clump_long,
          infiniplex_forest_lined_2, infiniplex_forest_clump_C,
          infiniplex_forest_clump_diagonal, infiniplex_forest_end_1,
          infiniplex_forest_join, columned_hall_lemuel, minmay_misc_feat_rows,
          uniq_jessica, uniq_robin, uniq_natasha

Skill      XL: |  1  2  3  4 |
---------------+-------------+-----
Fighting       | 1 |  1.0
Short Blades   | 1 |  1.5
Transmutations | 1 2 |  2.7
Poison Magic   | 1 2 |  2.7
Dodging        | |  2.0
Stealth        | |  2.0
Spellcasting   | |  2.4
Necromancy     | |  4.0

Action                   |  1- 3 |  4- 6 || total
-------------------------+-------+-------++-------
Melee: Mace              |     8 |       ||     8
       Dagger            |    24 |    16 ||    40
 Cast: Pain              |    45 |    34 ||    79
       Sting             |       |    10 ||    10
Evoke: Wand              |       |     1 ||     1
  Use: Scroll            |     2 |     1 ||     3
Armor: Robe              |    26 |    12 ||    38
Dodge: Dodged            |    50 |    18 ||    68

Table legend: (Time is in decaauts)
 A = Elapsed time spent in this place.
 B = Non-inter-level travel time spent in this place.
 C = Inter-level travel time spent in this place.
 D = Time resting spent in this place.
 E = Time spent auto-exploring this place.
 F = Levels seen in this place.
 G = Mean time per level.
                   A        B        C        D        E       F      G
               +--------+--------+--------+--------+--------+-----+--------+
         Total |   2325 |   2296 |     29 |    821 |    994 |   2 | 1162.5 |
       Dungeon |   2325 |   2296 |     29 |    821 |    994 |   2 | 1162.5 |
               +--------+--------+--------+--------+--------+-----+--------+

Top non-repeatable levels by time:
     D:1: 1496 daAuts
     D:2: 829 daAuts
